 Dungeon Crawl Stone Soup version 0.23.1 (webtiles) character file.

Game seed: 0

321543 1994 the Fencer (level 21, -2/211 HPs)
             Began as a Tengu Berserker on Mar 10, 2019.
             Was the Champion of Trog.
             Slain by an azure jelly (13 damage)
             ... created by the Royal Jelly
             ... on level 5 of the Pits of Slime on Mar 11, 2019.
             The game lasted 03:43:27 (39184 turns).

1994 the Fencer (Tengu Berserker)                  Turns: 39184, Time: 03:43:27

Health: -2/211     AC: 17    Str: 36    XL:     21   Next: 53%
Magic:  22/22      EV: 32    Int:  8    God:    Trog [******]
Gold:   3548       SH: 11    Dex: 24    Spells: 20/20 levels left

rFire    + . .     SeeInvis .   i - +8 double sword (elec)
rCold    + + .     Gourm    .   K - +1 buckler "Ruepnouh" {-Tele rCorr Dex+2 Slay+3}
rNeg     + . .     Faith    .   E - +8 chain mail of Oplig {rElec MR+++ Str+5 Stlth-}
rPois    +         Spirit   .   (helmet restricted)
rElec    +         Reflect  +   v - scarf {rC+ rF+}
rCorr    +         Harm     .   W - +1 pair of gloves
MR       +++++     Rnd*Rage +   (boots unavailable) Stlth ..........NoTele +
                                j - amulet of Weanuor {Reflect rElec rPois Slay+6 SH+2 Stlth+}
HPRegen  0.00/turn              N - ring of Wesm {rC+ Str+4}
MPRegen  0.18/turn              d - ring of the Crown {+Inv rN+ MR+ Str+3}

@: berserking (expiring), corroded, flying quickly and evasively, very quick
A: beak, talons 3, berserk 1, inhibited regeneration, wild magic 1, MP-powered
wands, able to fly
}: 2/15 runes: barnacled, gossamer
a: Stop Flying, Berserk, Trog's Hand, Brothers in Arms, Renounce Religion, Evoke
Invisibility


You were on level 5 of the Pits of Slime.
You worshipped Trog.
Trog was exalted by your worship.
You were not hungry.

You visited 8 branches of the dungeon, and saw 36 of its levels.
You visited 1 bazaar.
You also visited: Desolation.

You collected 4751 gold pieces.
You spent 1203 gold pieces at shops.

Inventory:

Hand Weapons
 i - a +8 double sword of electrocution (weapon)
 A - a +3 antimagic demon blade
 H - a +2 antimagic falchion
 J - the +6 great sword of Chaos {freeze, rN++ Int+4}
   (You took it off a deep elf death mage on level 3 of the Elven Halls)

   It has been specially enchanted to freeze those struck by it, causing extra
   injury to most foes and up to half again as much damage against particularly
   susceptible opponents.
   It can also slow down cold-blooded creatures.
   It affects your intelligence (+4).
   It greatly protects you from negative energy.
 T - the +6 short sword of the Head {flame, +Fly rPois Int-2 Stlth-}
   (You found it on level 11 of the Dungeon)

   It has been specially enchanted to burn those struck by it, causing extra
   injury to most foes and up to half again as much damage against particularly
   susceptible opponents.
   It affects your intelligence (-2).
   It protects you from poison.
   It lets you fly.
   It makes you less stealthy.
Missiles
 o - 6 tomahawks of dispersal
 M - 9 throwing nets
 S - 6 javelins of penetration
 Y - 5 poisoned javelins (quivered)
Armour
 h - a scarf of spirit shield
 r - a scarf of cloud immunity
 v - a scarf of resistance (worn)
 z - the +10 chain mail "Vuroh" {Regen+ Int+7 Stlth+}
   (You found it on level 7 of the Dungeon)

   It affects your intelligence (+7).
   It increases your rate of regeneration.
   It makes you more stealthy.
 E - the +8 chain mail of Oplig (worn) {rElec MR+++ Str+5 Stlth-}
   (You took it off an orc on level 11 of the Dungeon)

   It affects your strength (+5).
   It insulates you from electricity.
   It affects your resistance to hostile enchantments.
   It makes you less stealthy.
 K - the +1 buckler "Ruepnouh" (worn) {-Tele rCorr Dex+2 Slay+3}
   (You bought it in a shop on level 9 of the Dungeon)

   It affects your dexterity (+2).
   It affects your accuracy and damage with ranged weapons and melee attacks
   (+3).
   It prevents most forms of teleportation.
   It provides partial protection from all sources of acid and corrosion.
 R - the +1 shield of the Leaf {rC+}
   (You bought it in a shop on level 2 of the Orcish Mines)

   It protects you from cold.
 W - a +1 pair of gloves (worn)
Jewellery
 d - the ring of the Crown (right hand) {+Inv rN+ MR+ Str+3}
   (You bought it in a shop in a bazaar)

   [ring of positive energy]

   It affects your strength (+3).
   It protects you from negative energy.
   It affects your resistance to hostile enchantments.
   It lets you turn invisible.
 j - the amulet of Weanuor (around neck) {Reflect rElec rPois Slay+6 SH+2 Stlth+}
   (You took it off an orc on level 11 of the Dungeon)

   [amulet of reflection]

   It shields you and reflects attacks.
   It affects your accuracy and damage with ranged weapons and melee attacks
   (+6).
   It insulates you from electricity.
   It protects you from poison.
   It affects your SH (+2).
   It makes you more stealthy.
 l - an uncursed ring of see invisible
 x - an uncursed ring of protection from cold
 F - an uncursed ring of resist corrosion
 L - a +4 ring of dexterity
 N - the ring of Wesm (left hand) {rC+ Str+4}
   (You took it off a merfolk on level 3 of the Shoals)

   [ring of protection from cold]

   It affects your strength (+4).
   It protects you from cold.
Wands
 b - a wand of scattershot (6)
 f - a wand of flame (19)
 q - a wand of digging (18)
 y - a wand of acid (19)
 B - a wand of iceblast (19)
 U - a wand of enslavement (12)
 V - a wand of paralysis (10)
Scrolls
 a - 11 scrolls of remove curse
 e - 4 scrolls of magic mapping
 n - 8 scrolls of teleportation
 u - 3 scrolls of fear
 C - 5 scrolls of blinking
 D - 4 scrolls of fog
 G - 9 scrolls of enchant armour
 O - 5 scrolls of identify
 P - 2 scrolls of holy word
 X - a scroll of silence
Potions
 g - 13 potions of heal wounds
 k - 9 potions of curing
 m - 15 potions of might
 p - 3 potions of cancellation
 s - 2 potions of berserk rage
 t - 3 potions of agility
 w - 3 potions of invisibility
 I - 2 potions of mutation
 Q - 2 potions of haste
 Z - a potion of resistance
Comestibles
 c - 42 rations


   Skills:
 * Level 18.0 Fighting
 * Level 19.3 Long Blades
 - Level 6.0 Throwing
 * Level 18.1 Armour
 * Level 19.2 Dodging
 - Level 0.7 Stealth
 + Level 11.3 Shields


You had 20 spell levels left.
You didn't know any spells.
Your spell library contained the following spells:

 Spells                   Type           Power        Failure   Level  Hunger
 Animate Skeleton         Necr           N/A          78%         1    ##.....
 Apportation              Tloc           #.....       78%         1    ##.....
 Beastly Appendage        Tmut           #.....       78%         1    ##.....
 Confusing Touch          Hex            #.....       78%         1    ##.....
 Corona                   Hex            #......      78%         1    ##.....
 Freeze                   Ice            #...         78%         1    ##.....
 Magic Dart               Conj           #...         78%         1    ##.....
 Pain                     Necr           #...         78%         1    ##.....
 Sandblast                Erth           #.....       78%         1    ##.....
 Summon Butterflies       Summ           #.......     78%         1    ##.....
 Summon Small Mammal      Summ           #...         78%         1    ##.....
 Blink                    Tloc           N/A          89%         2    ###....
 Call Imp                 Summ           #.......     89%         2    ###....
 Ensorcelled Hibernation  Hex/Ice        #.....       89%         2    ###....
 Poisonous Vapours        Pois/Air       #.....       89%         2    ###....
 Searing Ray              Conj           #.....       89%         2    ###....
 Slow                     Hex            #.......     89%         2    ###....
 Throw Frost              Conj/Ice       #.....       89%         2    ###....
 Confuse                  Hex            #.......     98%         3    ####...
 Conjure Flame            Conj/Fire      #.......     98%         3    ####...
 Dazzling Spray           Conj/Hex       #.....       98%         3    ####...
 Gell's Gravitas          Tloc           #.........   98%         3    ####...
 Lesser Beckoning         Tloc           #.........   98%         3    ####...
 Mephitic Cloud           Conj/Pois/Air  #.......     98%         3    ####...
 Ozocubu's Armour         Chrm/Ice       #.......     98%         3    ####...
 Regeneration             Chrm/Necr      #.........   98%         3    ####...
 Spider Form              Tmut/Pois      #.........   98%         3    ####...
 Tukima's Dance           Hex            #.......     98%         3    ####...
 Vampiric Draining        Necr           #.........   98%         3    ####...
 Animate Dead             Necr           N/A          100%        4    #####..
 Force Lance              Conj/Tloc      #.......     100%        4    #####..
 Fulminant Prism          Conj/Hex       #.........   100%        4    #####..
 Iskenderun's Mystic Bla  Conj           #.......     100%        4    #####..
 Petrify                  Tmut/Erth      #.......     100%        4    #####..
 Summon Ice Beast         Ice/Summ       #.......     100%        4    #####..
 Summon Lightning Spire   Summ/Air       #.......     100%        4    #####..
 Throw Icicle             Conj/Ice       #.......     100%        4    #####..
 Irradiate                Conj/Tmut      #.........   100%        5    ######.
 Lee's Rapid Deconstruct  Erth           #.........   100%        5    ######.
 Freezing Cloud           Conj/Ice/Air   #.........   100%        6    #######
 Statue Form              Tmut/Erth      #........    100%        6    #######
 Haunt                    Necr/Summ      #.........   100%        7    #######
 Ring of Flames           Chrm/Fire      #.........   100%        7    #######
 Borgnjor's Revivificati  Necr           #.........   100%        8    #######
 Death's Door             Chrm/Necr      #.........   100%        8    #######
 Infestation              Necr           #.........   100%        8    #######
 Necromutation            Tmut/Necr      #.........   100%        8    #######
 Dragon's Call            Summ           #.........   100%        9    #######


Dungeon Overview and Level Annotations

Branches:
Dungeon (11/15)            Temple (1/1) D:5            Lair (6/6) D:11
 Shoals (4/4) Lair:4       Spider (4/4) Lair:4        Slime (5/5) Lair:6
    Orc (2/2) D:9             Elf (3/3) Orc:2

Altars:
Ashenzari
Cheibriados
Dithmenos
Elyvilon
Fedhas
Gozag
Hepliaklqana
Kikubaaqudgha
Makhleb
Nemelex Xobeh
Okawaru
Qazlal
Ru
Sif Muna
Trog
Uskayaw
Vehumet
Wu Jian
Xom
Yredelemnul
Zin
The Shining One
Beogh
Jiyva

Shops:
D:9 [   Orc:1 *}   Orc:2 [*:(   Shoals:2 ?

Portals:
Hell: Lair:6


Innate Abilities, Weirdness & Mutations

You have a beak for a mouth.
You have claws for feet.
You can fly continuously.
You tend to lose your temper in combat.
You do not regenerate when monsters are visible.
Your spells are a little harder to cast, but a little more powerful.
You expend magic power (3 MP) to strengthen your wands.


Message History

Unknown command.
You barely miss the azure jelly. You claw the azure jelly!
You peck the azure jelly!
The azure jelly is moderately wounded.
The azure jelly completely misses you. x3; The azure jelly misses you.
An acid blob comes into view.
Unknown command.
Unknown command.
You open the azure jelly like a pillowcase!!!
You claw the azure jelly!
The azure jelly is almost dead.
The acid blob misses you. The azure jelly completely misses you.
You riposte.
You barely miss the azure jelly. You claw the azure jelly!
You peck the azure jelly.
The azure jelly is heavily wounded.
The azure jelly closely misses you.
The azure jelly completely misses you. x2
The azure jelly hits you.
* * * LOW HITPOINT WARNING * * *
The azure jelly freezes you! You resist.
You die...

...................
..................
.................#
................# .
...............# ##
...............# ##.
...............# #:#.
..............J### ####.
..............JJ@#...#._
..............J#JJJJ....
...............####.....
...............# .=..
...............# ...
...............# ..
................# .
.................


You could see 4 acid blobs, 3 azure jellies and a slime creature.

Vanquished Creatures
  the Royal Jelly (Slime:5)
  Nikola (Shoals:2)
  2 deep elf blademasters
  2 deep elf master archers (Elf:3)
  23 acid blobs
  Ilsuiw (Shoals:1)
  Roxanne (Spider:3)
  9 azure jellies
  Donald (Shoals:1)
  A frost giant (Shoals:1)
  An orc warlord (Orc:2)
  5 deep elf sorcerers
  8 ghost moths
  2 angels (Elf:1)
  5 deep elf elementalists (Elf:3)
  3 emperor scorpions (Spider:4)
  3 imperial myrmidons (Desolation)
  Aizul (Shoals:2)
  A stone giant (Shoals:1)
  4 entropy weavers
  5 deep elf annihilators (Elf:3)
  3 spark wasps (Spider:4)
  6 deep elf demonologists
  A halazid warlock (Desolation)
  A crystal guardian (Desolation)
  4 deep elf death magi (Elf:3)
  A fire dragon (D:11)
  4 merfolk javelineers
  8 merfolk impalers
  3 deep elf high priests (Elf:3)
  5 death oozes
  Harold (D:10)
  8 ragged hierophants (Desolation)
  3 great orbs of eyes
  6 peacekeepers (Desolation)
  A merfolk avatar (Shoals:4)
  4 hydras
  6 servants of whispers (Desolation)
  5 merfolk aquamancers (Shoals:4)
  An alligator snapping turtle (Shoals:3)
  A centaur warrior (D:8)
  An ogre mage (D:11)
  A queen ant (Lair:5)
  28 dancing weapons
  3 satyrs
  A two-headed ogre (D:11)
  A small abomination (Elf:3)
  2 orc high priests
  A sun demon (Lair:6)
  Urug (Orc:2)
  14 deep elf knights
  17 sea snakes
  An unseen horror (D:11)
  A glowing orange brain (Slime:5)
  4 orc knights
  4 ironbrand convokers (Desolation)
  2 wizards
  Pikel (D:6)
  9 deep elf archers
  14 harpies
  An oklob plant (Lair:4)
  16 orb spiders
  44 deep elf magi
  5 shining eyes
  5 orc sorcerers
  25 wolf spiders
  13 manticores
  26 fauns
  11 cyclopes
  3 elephants (Lair:6)
  3 moths of wrath (Spider:4)
  A smoke demon (Lair:6)
  A water nymph (Shoals:3)
  5 black mambas
  A molten gargoyle (Desolation)
  9 merfolk sirens
  The ghost of harness the Tainter, a novice DEVM (D:6)
  A torpor snail (Spider:4)
  An orange demon (Lair:6)
  5 eyes of devastation
  19 demonic crawlers
  A freezing wraith (D:11)
  12 spiny frogs
  5 rime drakes (Lair:6)
  10 komodo dragons
  2 ice devils (Lair:6)
  8 trolls
  2 red devils (Lair:6)
  33 merfolk
  21 jumping spiders
  5 hornets (Spider:4)
  8 wind drakes
  19 dream sheep
  8 snapping turtles
  46 saltlings (Desolation)
  10 blink frogs
  115 slime creatures
  16 hippogriffs
  4 air elementals
  3 water elementals
  45 redbacks
  25 tarantellas
  Eustachio (D:4)
  33 yaks
  A wyvern (D:10)
  2 fire elementals (Elf:1)
  10 golden eyes
  A vampire mosquito (D:11)
  A steam dragon (D:11)
  A hungry ghost (D:8)
  Menkaure (D:5)
  Edmund (D:4)
  9 water moccasins
  6 wargs
  11 soldier ants
  5 hell hounds (Lair:6)
  7 porcupines
  A swamp drake (D:9)
  9 ogres
  32 orc warriors
  5 sky beasts
  A black bear (Lair:4)
  2 ice beasts
  4 slaves (D:6)
  4 phantoms
  5 eyes of draining
  15 crocodiles
  5 centaurs
  4 wolves (Lair:3)
  A big kobold (D:8)
  13 bullfrogs
  An earth elemental (Elf:1)
  A gnoll sergeant (D:11)
  A wyvern zombie (D:7)
  6 scorpions
  5 wights (D:11)
  9 killer bees (D:10)
  8 electric eels
  2 howler monkeys
  4 crimson imps
  2 centaur zombies
  3 hounds
  2 quasits
  2 bullfrog zombies
  13 orc priests
  6 jellies
  An iron imp (Spider:4)
  17 orc wizards
  Crazy Yiuf (D:5)
  2 centaur skeletons
  7 iguanas
  29 worker ants
  A killer bee zombie (D:5)
  3 hound skeletons
  A worker ant zombie (D:5)
  11 gnolls
  A howler monkey skeleton (D:4)
  11 adders
  A shadow imp (D:5)
  An adder zombie (D:7)
  3 oozes
  4 worms
  2 adder skeletons
  3 dart slugs
  8 leopard geckos
  62 orcs
  6 giant cockroaches
  7 goblins
  7 hobgoblins
  12 jackals
  5 quokkas
  3 ball pythons
  10 bats
  5 frilled lizards
  9 kobolds
  A leopard gecko skeleton (D:8)
  A quokka skeleton (D:10)
  A quokka zombie (D:5)
  3 rats
  3 fungi
  4 plants
1354 creatures vanquished.

Vanquished Creatures (collateral kills)
  Arachne (Spider:4)
  2 acid blobs (Slime:5)
  A crystal guardian (Desolation)
  A ragged hierophant (Desolation)
  An orb spider (Spider:4)
  A wolf spider (Spider:4)
  A jumping spider (Spider:4)
  3 saltlings (Desolation)
  2 dream sheep (Lair:5)
  2 redbacks (Spider:4)
15 creatures vanquished.

Vanquished Creatures (others)
  A blink frog (Lair:6)
  2 yaks (Lair:6)
  An orc (Elf:2)
  40 plants
44 creatures vanquished.

Grand Total: 1413 creatures vanquished

Notes
Turn   | Place    | Note
-------+----------+-------------------------------------------
     0 | D:1      | 1994 the Tengu Berserker began the quest for the Orb.
     0 | D:1      | Reached XP level 1. HP: 14/14 MP: 2/2
   170 | D:1      | Reached XP level 2. HP: 16/19 MP: 3/3
   825 | D:1      | Reached XP level 3. HP: 23/23 MP: 4/4
  1104 | D:2      | Reached ** piety under Trog
  1458 | D:2      | Reached XP level 4. HP: 28/28 MP: 5/5
  1847 | D:3      | Noticed a phantom
  1856 | D:3      | Killed a phantom
  1856 | D:3      | Gained mutation: You can fly continuously. [Tengu growth]
  1856 | D:3      | Reached XP level 5. HP: 33/33 MP: 6/6
  2093 | D:3      | Reached *** piety under Trog
  2200 | D:3      | Reached XP level 6. HP: 36/38 MP: 7/7
  2443 | D:4      | Found a burning altar of Makhleb.
  2456 | D:4      | Noticed Edmund
  2466 | D:4      | Killed Edmund
  2466 | D:4      | Reached skill level 5 in Long Blades
  2578 | D:4      | Reached XP level 7. HP: 25/44 MP: 8/8
  2717 | D:4      | Noticed Eustachio
  2758 | D:4      | Killed Eustachio
  2758 | D:4      | Reached skill level 5 in Fighting
  2829 | D:4      | Found a glowing silver altar of Zin.
  2830 | D:4      | Found a white marble altar of Elyvilon.
  3044 | D:4      | Reached skill level 5 in Dodging
  3148 | D:4      | Found a sacrificial altar of Ru.
  3215 | D:5      | Entered Level 5 of the Dungeon
  3320 | D:5      | HP: 1/66 [ogre/+0 giant club (25)]
  3321 | D:5      | Reached XP level 8. HP: 1/49 MP: 9/9
  3783 | D:5      | Found a runed translucent door.
  3784 | D:5      | Noticed Crazy Yiuf
  3790 | D:5      | Killed Crazy Yiuf
  4111 | D:5      | Reached skill level 1 in Throwing
  4111 | D:5      | Reached skill level 5 in Armour
  4174 | D:5      | Found a staircase to the Ecumenical Temple.
  4201 | D:5      | Noticed Menkaure
  4210 | D:5      | Killed Menkaure
  4219 | Temple   | Entered the Ecumenical Temple
  5142 | D:6      | You are sucked into a shaft for 3 floors!
  5194 | D:9      | Noticed a hippogriff
  5195 | D:9      | Reached XP level 9. HP: 39/55 MP: 10/10
  5859 | D:7      | Got a scorched chain mail
  5885 | D:7      | Identified the +10 chain mail "Vuroh" {Regen+ Int+7 Stlth+}
                  | (You found it on level 7 of the Dungeon)
  5991 | D:6      | Found an iron altar of Okawaru.
  6003 | D:6      | Reached **** piety under Trog
  6294 | D:6      | Noticed Pikel
  6325 | D:6      | Killed Pikel
  6325 | D:6      | Reached XP level 10. HP: 58/63 MP: 11/11
  6441 | D:6      | Found a runed translucent door.
  6441 | D:6      | Noticed harness's ghost (novice DEVM)
  6454 | D:6      | Killed harness's ghost
  7328 | D:8      | Noticed a centaur warrior
  7357 | D:8      | Killed a centaur warrior
  7790 | D:8      | Found a hazy altar of Hepliaklqana.
  8022 | D:9      | Found a staircase to the Orcish Mines.
  8281 | D:9      | Found Qotreino's Antique Armour Shop.
  8295 | D:9      | Reached XP level 11. HP: 57/69 MP: 12/12
  8301 | D:9      | Bought a jewelled buckler for 237 gold pieces
  8306 | D:9      | Identified the +1 buckler "Ruepnouh" {-Tele rCorr Dex+2
                  | Slay+3} (You bought it in a shop on level 9 of the Dungeon)
  8378 | D:10     | Entered Level 10 of the Dungeon
  8461 | D:10     | Reached skill level 1 in Shields
  8682 | D:10     | Reached ***** piety under Trog
  8782 | D:10     | Noticed Harold
  8802 | D:10     | Killed Harold
  9281 | D:11     | Noticed a cyclops
  9300 | D:11     | Reached skill level 10 in Long Blades
  9306 | D:11     | Killed a cyclops
  9308 | D:11     | Reached skill level 5 in Throwing
  9321 | D:11     | Identified the cursed +0 large shield of Yxor {*Slow rF+
                  | rC+ Int+2}
  9321 | D:11     | Noticed an ogre mage
  9330 | D:11     | Identified the +8 chain mail of Oplig {rElec MR+++ Str+5
                  | Stlth-}
  9330 | D:11     | Identified the amulet of Weanuor {Reflect rElec rPois
                  | Slay+6 SH+2 Stlth+}
  9365 | D:11     | Noticed an unseen horror
  9369 | D:11     | Killed an unseen horror
  9369 | D:11     | Received a gift from Trog
  9434 | D:11     | Noticed a wizard
  9440 | D:11     | Killed a wizard
  9483 | D:11     | Killed an ogre mage
  9483 | D:11     | Reached skill level 10 in Dodging
  9489 | D:11     | Noticed a fire dragon
  9504 | D:11     | Killed a fire dragon
  9504 | D:11     | Reached XP level 12. HP: 76/76 MP: 13/13
  9577 | D:11     | Got a warped short sword
  9608 | D:11     | Identified the +6 short sword of the Head {flame, +Fly
                  | rPois Int-2 Stlth-} (You found it on level 11 of the
                  | Dungeon)
  9771 | D:11     | Noticed a two-headed ogre
  9775 | D:11     | Killed a two-headed ogre
 10188 | D:11     | Reached skill level 10 in Armour
 10413 | D:11     | Found a staircase to the Lair.
 10545 | Lair:1   | Entered Level 1 of the Lair of Beasts
 10553 | Lair:1   | Reached skill level 10 in Fighting
 12259 | Lair:3   | Received a gift from Trog
 12980 | Lair:4   | Found a hole to the Spider Nest.
 13112 | Lair:4   | Reached XP level 13. HP: 71/83 MP: 14/14
 13440 | Lair:4   | Received a gift from Trog
 13698 | Lair:4   | Found a staircase to the Shoals.
 14106 | Lair:5   | Received a gift from Trog
 14115 | Lair:5   | Noticed an entropy weaver
 14138 | Lair:5   | Reached ****** piety under Trog
 14143 | Lair:5   | Killed an entropy weaver
 14189 | Lair:5   | Noticed an entropy weaver
 14243 | Lair:5   | Killed an entropy weaver
 14776 | Lair:6   | Entered Level 6 of the Lair of Beasts
 14864 | Lair:6   | Received a gift from Trog
 15286 | Lair:6   | Found a staircase to the Slime Pits.
 15401 | Lair:6   | Reached XP level 14. HP: 91/91 MP: 15/15
 15647 | Lair:6   | Reached skill level 5 in Shields
 15966 | Lair:6   | Found a burning altar of Makhleb.
 15998 | Lair:6   | Found a gateway to Hell.
 16315 | Slime:1  | Entered Level 1 of the Pits of Slime
 16347 | Slime:1  | Received a gift from Trog
 16351 | Slime:1  | Noticed an acid blob
 16426 | Slime:1  | Killed an acid blob
 16780 | Slime:2  | Noticed an azure jelly
 16876 | Shoals:1 | Entered Level 1 of the Shoals
 17252 | Shoals:1 | Noticed a stone giant
 17265 | Shoals:1 | Killed a stone giant
 17320 | Shoals:1 | Noticed a frost giant
 17449 | Shoals:1 | Killed a frost giant
 17722 | Shoals:1 | Reached XP level 15. HP: 88/97 MP: 16/16
 17771 | Shoals:1 | Received a gift from Trog
 18350 | Shoals:2 | Noticed Ilsuiw
 18350 | Shoals:2 | Noticed Donald
 18367 | Shoals:1 | Killed Donald
 18502 | Shoals:1 | Killed Ilsuiw
 19038 | Shoals:2 | Found Leck's Magic Scroll Boutique.
 19195 | Shoals:2 | Received a gift from Trog
 19230 | Shoals:2 | Noticed Nikola
 19230 | Shoals:2 | Noticed Aizul
 19269 | Shoals:2 | Killed Nikola
 19279 | Shoals:2 | Killed Aizul
 19768 | Shoals:3 | Reached XP level 16. HP: 78/105 MP: 17/17
 20755 | Shoals:3 | Reached skill level 15 in Long Blades
 20929 | Shoals:3 | Identified the ring of Wesm {rC+ Str+4}
 21122 | Shoals:4 | Entered Level 4 of the Shoals
 21437 | Shoals:4 | Received a gift from Trog
 21810 | Shoals:4 | Reached skill level 15 in Dodging
 22368 | Shoals:4 | Reached skill level 15 in Armour
 22785 | Shoals:4 | Received a gift from Trog
 22789 | Shoals:4 | Got a barnacled rune of Zot
 23061 | Spider:1 | Entered Level 1 of the Spider Nest
 23187 | Spider:1 | Reached XP level 17. HP: 112/112 MP: 6/18
 23189 | Spider:1 | Received a gift from Trog
 24484 | Spider:2 | Identified a scroll of acquirement
 24742 | Spider:3 | Identified Roxanne's Compendium of Transmutation
 24742 | Spider:3 | Noticed Roxanne
 24751 | Spider:3 | Killed Roxanne
 24756 | Spider:3 | Received a gift from Trog
 25297 | Spider:4 | Entered Level 4 of the Spider Nest
 25772 | Spider:4 | Reached skill level 15 in Fighting
 25978 | Spider:4 | Noticed Arachne
 25986 | Spider:4 | Killed Arachne
 26215 | Spider:4 | Reached XP level 18. HP: 103/119 MP: 1/19
 26476 | Spider:4 | Received a gift from Trog
 27442 | Spider:4 | Got a gossamer rune of Zot
 27895 | Slime:2  | Received a gift from Trog
 28950 | Slime:2  | Received a gift from Trog
 29176 | Slime:3  | Gained mutation: You are frail. (-10% HP) [a shining eye]
 29569 | Orc:1    | Entered Level 1 of the Orcish Mines
 29569 | Orc:1    | Found Poadeiqof's Gadget Shoppe.
 29570 | Orc:1    | Lost mutation: You are frail. (-10% HP) [potion of
                  | mutation]
 29570 | Orc:1    | Gained mutation: You are agile. (Dex +2) [potion of
                  | mutation]
 29570 | Orc:1    | Gained mutation: Armour fits poorly on your strangely
                  | shaped body. [potion of mutation]
 29570 | Orc:1    | Gained mutation: Your spells are a little harder to cast,
                  | but a little more powerful. [potion of mutation]
 29570 | Orc:1    | Gained mutation: You are partially covered in slimy green
                  | scales. (AC +2) [potion of mutation]
 29589 | D:9      | Reached XP level 19. HP: 88/125 MP: 20/20
 29665 | D:9      | Lost mutation: Your spells are a little harder to cast, but
                  | a little more powerful. [potion of mutation]
 29665 | D:9      | Lost mutation: You are agile. (Dex +2) [potion of mutation]
 29665 | D:9      | Gained mutation: You are robust. (+10% HP) [potion of
                  | mutation]
 29879 | Orc:1    | Found Ponoy's Practical Paraphernalia.
 30021 | Orc:2    | Entered Level 2 of the Orcish Mines
 30118 | Orc:2    | Found a staircase to the Elven Halls.
 30155 | Orc:2    | Received a gift from Trog
 30242 | Orc:2    | Noticed Urug
 30249 | Orc:2    | Killed Urug
 30255 | Orc:2    | Found a roughly hewn altar of Beogh.
 30264 | Orc:2    | Found Ropsuj's General Store.
 30280 | Orc:2    | Received a gift from Trog
 30298 | Orc:2    | Found Huiwij's Antique Armour Emporium.
 30388 | Orc:2    | Found Seuqul's Antique Weapon Emporium.
 30412 | Orc:2    | Bought a transparent shield for 209 gold pieces
 30423 | Orc:2    | Identified the +1 shield of the Leaf {rC+} (You bought it
                  | in a shop on level 2 of the Orcish Mines)
 30599 | Orc:2    | Bought a scroll of identify for 28 gold pieces
 30600 | Orc:2    | Bought a scroll of identify for 28 gold pieces
 30931 | Orc:2    | Found Desoaxzo's Book Emporium.
 31105 | Elf:1    | Entered Level 1 of the Elven Halls
 31170 | Elf:1    | Found a ruined gateway.
 31173 | Elf:1    | Found a glowing golden altar of the Shining One.
 31173 | Elf:1    | Found a white marble altar of Elyvilon.
 31183 | Elf:1    | Found a glowing silver altar of Zin.
 31325 | Desolati | Entered the Desolation of Salt
 31615 | Desolati | Identified the Collected Works on Calling
 31868 | Desolati | Received a gift from Trog
 32229 | Desolati | Received a gift from Trog
 32283 | Desolati | Reached skill level 10 in Shields
 32442 | Desolati | Got a translucent plate armour
 32764 | Desolati | Identified the Collected Works on Earth
 32832 | Desolati | Identified the +4 plate armour of the Saviour {rF+ Int+4
                  | Dex-2 SInv} (You found it in the Desolation of Salt)
 33422 | Elf:1    | Received a gift from Trog
 33632 | Elf:1    | Reached XP level 20. HP: 146/146 MP: 7/21
 33655 | Elf:1    | Received a gift from Trog
 33740 | Elf:1    | Got a faintly glowing hunting sling
 33741 | Elf:1    | Identified the +2 hunting sling "Azuajaw" {freeze, rF+++
                  | Str+2 Int-2 Dex+2} (You found it on level 1 of the Elven
                  | Halls)
 34213 | Elf:2    | Found a flickering gateway to a bazaar.
 34218 | Bazaar   | Entered a bazaar
 34225 | Bazaar   | Found Cybec's Jewellery Shop.
 34239 | Bazaar   | Found Tuvan's Food Boutique.
 34253 | Bazaar   | Found Fegips's Assorted Antiques.
 34261 | Bazaar   | Bought a warped bone ring for 105 gold pieces
 34267 | Bazaar   | Found Qebbonor's Food Boutique.
 34281 | Bazaar   | Found Econa's Antique Weapon Shop.
 34295 | Bazaar   | Found Luipp's Food Boutique.
 34298 | Bazaar   | Identified the cursed ring of Tiemy {MR+ Int-2 Dex+3} (You
                  | bought it in a shop in a bazaar)
 34422 | Bazaar   | Bought the ring of the Crown {+Inv rN+ MR+ Str+3} for 596
                  | gold pieces
 34602 | Elf:2    | Received a gift from Trog
 34605 | Elf:2    | Got a warped quarterstaff {god gift}
 34619 | Elf:2    | Identified the +13 quarterstaff of Discord {crush, SInv}
                  | (Trog gifted it to you on level 2 of the Elven Halls)
 34793 | Elf:2    | Found a runed translucent gate.
 34793 | Elf:2    | Found a runed translucent gate.
 34793 | Elf:2    | Found a runed translucent gate.
 35470 | Elf:3    | Entered Level 3 of the Elven Halls
 35492 | Elf:3    | Lost mutation: You are robust. (+10% HP) [potion of
                  | mutation]
 35492 | Elf:3    | Lost mutation: Armour fits poorly on your strangely shaped
                  | body. [potion of mutation]
 35492 | Elf:3    | Lost mutation: You are partially covered in slimy green
                  | scales. (AC +2) [potion of mutation]
 35492 | Elf:3    | Gained mutation: You tend to lose your temper in combat.
                  | [potion of mutation]
 35492 | Elf:3    | Gained mutation: Your spells are a little harder to cast,
                  | but a little more powerful. [potion of mutation]
 35492 | Elf:3    | Gained mutation: You expend magic power (3 MP) to
                  | strengthen your wands. [potion of mutation]
 36024 | Elf:3    | Noticed a Brimstone Fiend
 36252 | Elf:3    | Received a gift from Trog
 36584 | Elf:3    | Identified the +6 great sword of Chaos {freeze, rN++ Int+4}
 36584 | Elf:3    | Identified the amulet "Kouprurewe" {Spirit +Fly Str+2 Int+2
                  | SInv}
 36984 | Elf:3    | Reached XP level 21. HP: 140/140 MP: 7/22
 37080 | Elf:3    | Identified the Guide on Twisted Calling
 38708 | Slime:5  | Entered Level 5 of the Pits of Slime
 38969 | Slime:5  | Received a gift from Trog
 39090 | Slime:5  | Gained mutation: You do not regenerate when monsters are
                  | visible. [a shining eye]
 39118 | Slime:5  | Found a viscous altar of Jiyva.
 39133 | Slime:5  | Noticed the Royal Jelly
 39175 | Slime:5  | Killed the Royal Jelly
 39184 | Slime:5  | Slain by an azure jelly

Skill      XL: |  1  2  3  4  5  6  7  8  9 10 11 12 13 14 15 16 17 18 19 20 21 |
---------------+----------------------------------------------------------------+-----
Dodging        | 3 4 5 6 7 9 10 11 12 13 14 15 16 17 18 19 | 19.2
Long Blades    | 4 5 6 7 8 9 10 11 12 13 14 15 16 17 18 19 | 19.3
Armour         | 3 4 5 7 8 9 10 12 13 14 15 16 17 18 | 18.1
Fighting       | 4 5 6 7 8 9 10 11 12 13 14 15 16 17 18 | 18.0
Throwing       | 2 3 4 5 6 |  6.0
Shields        | 4 6 7 8 9 10 11 | 11.3
Stealth        | |  0.7

Action                   |  1- 3 |  4- 6 |  7- 9 | 10-12 | 13-15 | 16-18 | 19-21 || total
-------------------------+-------+-------+-------+-------+-------+-------+-------++-------
Melee: Falchion          |    64 |   119 |    72 |       |       |       |       ||   255
       Kick              |    18 |    41 |   112 |   290 |   438 |   609 |   505 ||  2013
       Peck              |    14 |    24 |    66 |   189 |   245 |   349 |   311 ||  1198
       Long sword        |       |       |   175 |   579 |   153 |       |       ||   907
       Dagger            |       |       |       |     8 |       |       |       ||     8
       Short sword       |       |       |       |       |   564 |   131 |       ||   695
       Triple sword      |       |       |       |       |     4 |       |       ||     4
       Scimitar          |       |       |       |       |       |   305 |       ||   305
       Double sword      |       |       |       |       |       |   446 |   469 ||   915
       Demon blade       |       |       |       |       |       |       |   309 ||   309
Throw: Javelin           |       |       |       |       |       |     2 |       ||     2
Invok: Berserk           |       |     1 |     4 |     5 |     3 |     1 |     3 ||    17
       Brothers in Arms  |       |       |       |       |     1 |     2 |     3 ||     6
 Abil: Fly               |       |     1 |       |       |       |       |       ||     1
  Use: Scroll            |       |    10 |     1 |     9 |     3 |    11 |     8 ||    42
       Potion            |       |       |       |       |       |     1 |     3 ||     4
 Stab: Sleeping          |     1 |       |       |       |       |       |       ||     1
       Confused          |       |       |       |     4 |       |       |       ||     4
  Eat: Chunk             |     2 |     4 |    17 |    26 |    23 |    25 |    24 ||   121
       Ration            |       |       |       |       |       |     2 |     3 ||     5
Armor: Animal skin       |     4 |       |       |       |       |       |       ||     4
       Leather armour    |    17 |       |       |       |       |       |       ||    17
       Scale mail        |    13 |    44 |       |       |       |       |       ||    57
       Ring mail         |       |     5 |    69 |       |       |       |       ||    74
       Chain mail        |       |       |    34 |   217 |   164 |   271 |   115 ||   801
Dodge: Dodged            |    37 |    62 |   244 |   359 |   457 |   889 |   541 ||  2589
Block: Buckler           |       |       |       |   101 |   231 |   497 |   286 ||  1115
       Reflection        |       |       |       |     1 |    32 |    50 |    30 ||   113
       Shield            |       |       |       |       |    34 |       |       ||    34
       Rpst.: Falchion   |     7 |    11 |    26 |       |       |       |       ||    44
       Long sword        |       |       |    66 |    93 |    17 |       |       ||   176
       Triple sword      |       |       |       |       |     1 |       |       ||     1
       Scimitar          |       |       |       |       |       |    36 |       ||    36
       Double sword      |       |       |       |       |       |   106 |    77 ||   183
       Demon blade       |       |       |       |       |       |       |    60 ||    60
